 Dungeon Crawl Stone Soup version 0.31-a0-182-gc5ef74bbde (webtiles) character file.

Game seed: 6791684162408585243

2650 rabbitsville the Blocker (level 9, -7/72 HPs)
             Began as a Formicid Fighter on June 21, 2023.
             Was a Follower of Qazlal.
             Mangled by a centaur
             ... wielding a +0 flail
              (18 damage)
             ... on level 7 of the Dungeon.
             The game lasted 00:14:24 (5882 turns).

rabbitsville the Blocker (Formicid Fighter)         Turns: 5882, Time: 00:14:24

Health: -7/72      AC: 11    Str: 26    XL:     9   Next: 93%
Magic:  12/12      EV:  7    Int:  7    God:    Qazlal [*.....]
Gold:   341        SH:  0    Dex: 19    Spells: 8/8 levels left

rFire   . . .        z - +0 flail (drain)
rCold   . . .        u - +0 kite shield
rNeg    . . .        E - +0 chain mail
rPois   .            (helmet unavailable)
rElec   .            C - +0 cloak
rCorr   .            j - +0 pair of gloves
SInv    +            (no boots)
Will    .....        (no amulet) Stlth
                     e - +6 ring of dexterity
HPRegen 0.32/turn    J - ring of flight
MPRegen 0.13/turn

%: no passive effects
@: confused, ambrosia-drunk, flying
A: permanent stasis, dig shafts and tunnels, antennae 3, four strong arms
a: Dig, Shaft Self, Renounce Religion


You were on level 7 of the Dungeon.
You worshipped Qazlal.
Qazlal was aware of your devotion.
You visited 1 branch of the dungeon, and saw 7 of its levels.

You collected 341 gold pieces.

Inventory:

Hand Weapons
 a - a +0 flail
 z - a +0 flail of draining (weapon)
Missiles
 t - 2 throwing nets
Armour
 b - a +0 scale mail
 c - a +0 buckler
 j - a +0 pair of gloves (worn)
 u - a +0 kite shield (worn)
 C - a +0 cloak (worn)
 E - a +0 chain mail (worn)
Jewellery
 e - a +6 ring of dexterity (left hand)
 o - a +6 ring of dexterity
 H - an amulet of magic regeneration
 J - a ring of flight (right hand)
Scrolls
 g - 4 scrolls of enchant weapon {unknown}
 h - 2 scrolls of amnesia {unknown}
 i - 3 scrolls of identify {unknown}
 m - 4 scrolls of fear {unknown}
 n - a scroll of acquirement {unknown}
 p - 2 scrolls of vulnerability {unknown}
 s - 3 scrolls of teleportation {unknown}
 w - 2 scrolls of poison {unknown}
 x - a scroll of revelation {unknown}
 y - 2 scrolls of brand weapon {unknown}
 B - 2 scrolls of fog {unknown}
 G - a scroll of enchant armour {unknown}
 I - a scroll of noise {unknown}
 K - a scroll of torment {unknown}
Potions
 d - 2 potions of might
 f - a potion of heal wounds {unknown}
 k - 3 potions of enlightenment
 l - a potion of magic
 q - a potion of berserk rage {unknown}
 v - a potion of degeneration {unknown}
 A - a potion of haste {unknown}
 D - 2 potions of invisibility {unknown}
 F - a potion of cancellation {unknown}


   Skills:
 + Level 7.3 Fighting
 * Level 8.7 Maces & Flails
 - Level 3.2 Armour
 + Level 8.8 Shields
 + Level 5.2 Invocations


You had 8 spell levels left.
You didn't know any spells.
Your spell library contained the following spells:

 Spells                   Type           Power      Damage    Failure   Level
 Apportation              Tloc           0%         N/A       99%         1
 Summon Small Mammal      Summ           0%         N/A       99%         1
 Call Canine Familiar     Summ           0%         N/A       100%        3
 Frozen Ramparts          Ice            0%         1d1       100%        3
 Gell's Gravitas          Tloc           0%         N/A       100%        3
 Hailstorm                Conj/Ice       0%         3d3       100%        3
 Stone Arrow              Conj/Erth      0%         3d7       100%        3
 Summon Guardian Golem    Hex/Summ       0%         N/A       100%        3
 Teleport Other           Tloc           0%         N/A       100%        3
 Animate Armour           Summ/Erth      0%         N/A       100%        4
 Ice Form                 Ice/Tmut       0%         N/A       100%        4
 Summon Ice Beast         Ice/Summ       0%         N/A       100%        4
 Alistair's Intoxication  Tmut/Pois      0%         N/A       100%        5
 Dispersal                Tloc           0%         N/A       100%        6
 Simulacrum               Ice/Necr       0%         N/A       100%        6
 Lehudib's Crystal Spear  Conj/Erth      0%         10d2      100%        8


Dungeon Overview and Level Annotations

Branches:
Dungeon (7/15)             Temple (0/1) D:7

Altars:
Cheibriados
Nemelex Xobeh
Qazlal
Sif Muna
Vehumet

Annotations:
D:2 1 runed translucent door, Crazy Yiuf


Innate Abilities, Weirdness & Mutations

You cannot be hasted, slowed, berserked, paralysed or teleported.
You can dig through walls and to a lower floor.
You have a pair of large antennae on your head. (SInv)
Your four strong arms can wield two-handed weapons with a shield.


Message History

You barely miss the wight.
The wight is severely damaged.
You block the wight's attack.
You barely miss the wight.
The wight is severely damaged.
You block the wight's attack.
You sock the wight!
You destroy the wight!
Qazlal accepts your kill.
The centaur shoots an arrow.
You block the arrow.
The centaur shoots an arrow.
The arrow hits you. The arrow burns you.
Your life force feels restored.
The centaur unwields a +0 orcbow of flaming.
It stops flaming.
The centaur wields a +0 flail.
The centaur hits you with a +0 flail!
The centaur kicks you but does no damage.
Things that are here:
a +0 long sword; a +0 robe You hit the centaur.
The centaur is moderately wounded.
You block the centaur's attack. x2; The centaur hits you with a +0 flail!
The centaur kicks you but does no damage.
You barely miss the centaur.
The centaur is moderately wounded.
A wight comes into view.
It is wielding a +5 falchion of freezing.
You block the centaur's attack.
The centaur kicks you but does no damage.
You are confused.
You feel invigorated. The centaur hits you with a +0 flail!
* * * LOW HITPOINT WARNING * * *
The centaur barely misses you. The centaur hits you with a +0 flail!
* * * LOW HITPOINT WARNING * * *
The centaur barely misses you.
You bump into the rock wall.
The centaur closely misses you. x2
The centaur hits you with a +0 flail!
* * * LOW HITPOINT WARNING * * *
The centaur kicks you.
* * * LOW HITPOINT WARNING * * *
The centaur attacks as you move away! The centaur hits you with a +0 flail!!
You die...

^...... { #.#.#.# #...
.....#. #.....###...
...z{..### #.....#.'...
.>...#...# #.#.#.#.#...
.....c...# #)....#.####
.....#...# ##.....###
.........# #......#
.#.#.#..z########...####
........zzc@.....>.#########
........#####...............
.........# #......#########
.........# #......#
.......{.# #...(..#
.....{...# #......#
###'##### #......# #.
#......# #......#


You could see a centaur (strong) and 3 wights.

Vanquished Creatures
  A steam dragon (D:7)
  A water moccasin (D:6)
  A sky beast (D:6)
  An orc warrior (D:6)
  5 ogres
  2 ice beasts (D:6)
  A black bear (D:6)
  3 centaurs
  A phantom (D:5)
  2 gnoll sergeants
  3 scorpions
  6 wights
  A gnoll bouda (D:4)
  A hound (D:5)
  An orc priest (D:5)
  Terence (D:3)
  A sleepcap (D:5)
  2 iguanas
  5 orc wizards
  15 gnolls
  2 adders
  A shadow imp (D:7)
  A white imp (D:5)
  An ufetubus (D:7)
  4 worms
  3 dart slugs
  14 orcs
  10 ball pythons
  9 endoplasms
  4 giant cockroaches
  7 goblins
  6 hobgoblins
  11 jackals
  5 kobolds
  2 quokkas (D:1)
  6 bats
  4 frilled lizards
  5 rats
149 creatures vanquished.

Notes
Turn   | Place    | Note
-------+----------+-------------------------------------------
     0 | D:1      | rabbitsville the Formicid Fighter began the quest for the
                  | Orb.
     0 | D:1      | Reached XP level 1. HP: 18/18 MP: 1/1
   178 | D:1      | Reached XP level 2. HP: 24/24 MP: 2/2
   258 | D:1      | Found a faded altar of an unknown god.
   430 | D:1      | Reached XP level 3. HP: 29/29 MP: 3/3
  1072 | D:2      | Reached XP level 4. HP: 37/37 MP: 4/4
  1213 | D:2      | Found a runed translucent door.
  1214 | D:2      | Noticed Crazy Yiuf
  1604 | D:2      | Reached XP level 5. HP: 42/42 MP: 5/5
  1918 | D:3      | Reached skill level 5 in Shields
  2352 | D:3      | Noticed Terence
  2366 | D:3      | Killed Terence
  2699 | D:4      | Reached XP level 6. HP: 49/49 MP: 6/6
  3070 | D:4      | Noticed an ogre
  3079 | D:4      | Killed an ogre
  3147 | D:4      | Noticed an ogre
  3156 | D:4      | Killed an ogre
  3157 | D:4      | Reached skill level 5 in Fighting
  3157 | D:4      | Reached skill level 5 in Maces & Flails
  3157 | D:4      | Reached XP level 7. HP: 20/56 MP: 7/7
  3428 | D:5      | Entered Level 5 of the Dungeon
  3523 | D:5      | Found a stormy altar of Qazlal.
  3523 | D:5      | Found a snail-covered altar of Cheibriados.
  3700 | D:5      | Became a worshipper of Qazlal Stormbringer
  3889 | D:5      | Found a radiant altar of Vehumet.
  3983 | D:5      | Reached skill level 1 in Invocations
  3988 | D:5      | Reached XP level 8. HP: 61/63 MP: 8/8
  4575 | D:6      | Found a shimmering blue altar of Sif Muna.
  4624 | D:6      | Reached XP level 9. HP: 69/70 MP: 11/11
  5051 | D:6      | Reached * piety under Qazlal
  5373 | D:6      | Found a sparkling altar of Nemelex Xobeh.
  5634 | D:7      | Reached skill level 5 in Invocations
  5854 | D:7      | Found a staircase to the Ecumenical Temple.
  5882 | D:7      | Mangled by a centaur

Illustrated notes

Levels and vault maps discovered:
D:1:      dpeg_arrival_tiny_a, layout_loops_corners,
          shapermc_ecumenical_altar_mp_ritualfount, minmay_misc_feat_iff,
          grunt_decor_fettered, minmay_bisected
D:2:      layout_loops_cross, eino_curves_01, uniq_crazy_yiuf_cottage
D:3:      layout_rooms, uniq_terence
D:4:      layout_loops_ring, minmay_misc_feat_pillars
D:5:      layout_loops_ring, gammafunk_temple_overflow_elements,
          vehumet_crystals
D:6:      layout_basic, nicolae_sif_muna_little_library,
          nemelex_spade_bored_becter, minmay_misc_feat_rugged
D:7:      layout_basic, minmay_temple_entry_glass, columned_hall_lemuel

Skill      XL: |  1  2  3  4  5  6  7  8  9 |
---------------+----------------------------+-----
Maces & Flails | 3 4 5 6 7 8 |  8.7
Fighting       | 4 5 6 7 |  7.3
Shields        | 5 6 7 8 |  8.8
Invocations    | 1 3 5 |  5.2
Armour         | |  3.2

Action                     |  1- 3 |  4- 6 |  7- 9 || total
---------------------------+-------+-------+-------++-------
  Melee: Flail             |    90 |   153 |   223 ||   466
Ability: Dig               |       |     1 |       ||     1
    Use: Potion            |       |       |     4 ||     4
 Armour: Scale mail        |    51 |    41 |    11 ||   103
         Chain mail        |       |       |    65 ||    65
  Dodge: Dodged            |    53 |    53 |    44 ||   150
  Block: Buckler           |    30 |    32 |       ||    62
         Kite shield       |       |    55 |   169 ||   224

Table legend: (Time is in decaauts)
 A = Elapsed time spent in this place.
 B = Non-inter-level travel time spent in this place.
 C = Inter-level travel time spent in this place.
 D = Time resting spent in this place.
 E = Time spent auto-exploring this place.
 F = Levels seen in this place.
 G = Mean time per level.
                   A        B        C        D        E       F      G
               +--------+--------+--------+--------+--------+-----+--------+
         Total |   5980 |   5754 |    226 |     79 |   3902 |   7 |  854.3 |
       Dungeon |   5980 |   5754 |    226 |     79 |   3902 |   7 |  854.3 |
               +--------+--------+--------+--------+--------+-----+--------+

Top non-repeatable levels by time:
     D:6: 1090 daAuts
     D:1: 1056 daAuts
     D:5: 1010 daAuts
     D:4: 977 daAuts
     D:2: 872 daAuts
     D:3: 591 daAuts
     D:7: 381 daAuts
